 Dungeon Crawl Stone Soup version 0.30-a0-222-ge547ba4400 (webtiles) character file.

Game seed: 15189484626588920571

130 Decritt the Grave Robber (level 4, 25/33 HPs)
             Began as a Demonspawn Necromancer on Oct 8, 2022.
             Quit the game on level 5 of the Dungeon.
             The game lasted 00:04:32 (2214 turns).

Decritt the Grave Robber (Demonspawn Necromancer)   Turns: 2214, Time: 00:04:32

Health: 25/33      AC: 12    Str:  8    XL:     4   Next: 89%
Magic:  0/8        EV: 12    Int: 18    God:
Gold:   108        SH:  4    Dex: 14    Spells: 7/8 levels left

rFire   . . .      SeeInvis .    n - +3 dagger (protect)
rCold   . . .      Faith    .    (no shield)
rNeg    . . .      Spirit   .    a - +0 robe
rPois   .          Reflect  .    (no helmet)
rElec   .          Harm     .    (no cloak)
rCorr   .          Rampage  .    c - +0 pair of gloves
Will    .....                    (no boots)
Stlth   ++........               (no amulet)
HPRegen 0.25/turn                (no ring)
MPRegen 0.11/turn                (no ring)

@: under a protective aura
A: slimy green scales 1, condensation shield, demonic touch 1
a: no special abilities


You were on level 5 of the Dungeon.
You visited 1 branch of the dungeon, and saw 4 of its levels.

You collected 108 gold pieces.

Inventory:

Hand Weapons
 k - a +0 whip
 n - a +3 dagger of protection (weapon)
Armour
 a - a +0 robe (worn)
 c - a +0 pair of gloves (worn)
Scrolls
 d - a scroll of identify {unknown}
 f - a scroll of noise {unknown}
 h - a scroll of fear {unknown}
 i - a scroll of enchant armour {unknown}
 j - 3 scrolls of magic mapping {unknown}
 l - 2 scrolls of poison {unknown}
 o - a scroll of immolation {unknown}
 p - a scroll of silence {unknown}
 q - a scroll of blinking {unknown}
Potions
 b - 2 potions of magic
 e - a potion of flight {unknown}
 g - 2 potions of mutation {unknown}
 m - a potion of resistance {unknown}
 r - a potion of haste {unknown}


   Skills:
 + Level 1.8 Fighting
 + Level 1.0 Armour
 + Level 2.5 Dodging
 - Level 2.2 Stealth
 + Level 2.7 Spellcasting
 + Level 5.0 Necromancy


You had 7 spell levels left.
You knew the following spells:

 Your Spells              Type           Power      Damage    Failure   Level
a - Necrotise             Necr           80%        1d8       2%          1

Your spell library contained the following spells:

 Spells                   Type           Power      Damage    Failure   Level
 Vampiric Draining        Necr           20%        2d7       6%          3
 Animate Dead             Necr           20%        N/A       22%         4
 Agony                    Necr           20%        N/A       52%         5


Dungeon Overview and Level Annotations

Branches:
Dungeon (5/15)             Temple (0/1) D:5

Altars:


Innate Abilities, Weirdness & Mutations

You are partially covered in slimy green scales. (AC +2)
A meltable shield of frost defends you. (SH +4)
Your touch may inflict minor irresistible damage on your foes.


Message History

Aiming: Necrotise (safe; 2% risk of failure)
Press: ? - help, Shift-Dir - straight line, f/p - ogre
Aim: an ogre, wielding a +0 giant spiked club (heavily wounded, chance to affect: 78%)
The ogre writhes in agony.
The ogre closely misses you.
Casting: Necrotise (safe; 2% risk of failure)
Confirm with . or Enter, or press ? or * to list all spells.
Aiming: Necrotise (safe; 2% risk of failure)
Press: ? - help, Shift-Dir - straight line, f/p - ogre
Aim: an ogre, wielding a +0 giant spiked club (severely wounded, chance to affect: 78%)
The ogre writhes in agony.
The ogre closely misses you.
Casting: Necrotise (safe; 2% risk of failure)
Confirm with . or Enter, or press ? or * to list all spells.
Aiming: Necrotise (safe; 2% risk of failure)
Press: ? - help, Shift-Dir - straight line, f/p - ogre
Aim: an ogre, wielding a +0 giant spiked club (severely wounded, chance to affect: 78%)
The ogre writhes in agony.
Casting: Necrotise (safe; 2% risk of failure)
Confirm with . or Enter, or press ? or * to list all spells.
Aiming: Necrotise (safe; 2% risk of failure)
Press: ? - help, Shift-Dir - straight line, f/p - ogre
Aim: an ogre, wielding a +0 giant spiked club (severely wounded, chance to affect: 78%)
The ogre writhes in agony.
The ogre misses you.
You hit the ogre.
Your weapon exudes an aura of protection.
The ogre is almost dead.
The ogre hits you with a +0 giant spiked club!
You completely miss the ogre.
The ogre is almost dead.
Unknown command.
You hit the ogre.
You kill the ogre!
Your Armour skill increases to level 1!
Your Necromancy skill increases to level 5!
You have reached level 4!
You feel agile.
Your demonic ancestry asserts itself...
Your hands begin to faintly glow with unholy energy.
Unknown command.
Are you sure you want to abandon this character and quit the game? (Confirm with "yes".)
Okay, then.
Are you sure you want to abandon this character and quit the game? (Confirm with "yes".)

#
#.#.###.....°.......
#.#...#######8.8####
#.#.#..........##
#.#.############
#.#.# #.# #.... #.#
#.... #.# #.... #@#
#.... #W# +...W #.#
#....##.# #....#..#
#..## #.## #..# #+##


You could see a phantom.

Vanquished Creatures
  An ogre (D:5)
  2 dart slugs (D:2)
  3 bats (D:1)
  4 endoplasms (D:1)
  2 giant cockroaches
  3 goblins
  3 hobgoblins (D:1)
  3 kobolds (D:2)
  3 quokkas
  3 ball pythons (D:2)
  8 frilled lizards
  3 rats (D:1)
  A spectral kobold (D:2)
39 creatures vanquished.

Vanquished Creatures (collateral kills)
  A ball python (D:1)
  A frilled lizard (D:2)
2 creatures vanquished.

Grand Total: 41 creatures vanquished

Notes
Turn   | Place    | Note
-------+----------+-------------------------------------------
     0 | D:1      | Decritt the Demonspawn Necromancer began the quest for the
                  | Orb.
     0 | D:1      | Reached XP level 1. HP: 13/13 MP: 3/3
   181 | D:1      | Gained mutation: You are partially covered in slimy green
                  | scales. (AC +2) [demonic ancestry]
   181 | D:1      | Reached XP level 2. HP: 20/20 MP: 0/5
  1189 | D:2      | Reached skill level 1 in Fighting
  1225 | D:2      | Gained mutation: A meltable shield of frost defends you.
                  | (SH +4) [demonic ancestry]
  1225 | D:2      | Reached XP level 3. HP: 26/26 MP: 3/6
  2039 | D:2      | Found a faded altar of an unknown god.
  2117 | D:3      | You fall into a shaft and drop 2 floors!
  2117 | D:5      | Entered Level 5 of the Dungeon
  2159 | D:5      | Found a staircase to the Ecumenical Temple.
  2195 | D:5      | Noticed an ogre
  2195 | D:5      | Noticed a phantom
  2213 | D:5      | Killed an ogre
  2214 | D:5      | Reached skill level 1 in Armour
  2214 | D:5      | Reached skill level 5 in Necromancy
  2214 | D:5      | Gained mutation: Your touch may inflict minor irresistible
                  | damage on your foes. [demonic ancestry]
  2214 | D:5      | Reached XP level 4. HP: 25/33 MP: 0/8
  2214 | D:5      | Quit the game

Illustrated notes

Levels and vault maps discovered:
D:1:      lightli_arrival_lavapool, layout_basic, minmay_tetromino_t2
D:2:      layout_basic, dreamdust_ecumenical_altar_drowned_temple,
          minmay_lizard_pond
D:3:      layout_rooms, minmay_misc_feat_more_columns
D:5:      layout_basic, lemuel_temple_firewalk_a, corexii_shack,
          serial_bayou_pond_e

Skill      XL: |  1  2  3 |
---------------+----------+-----
Stealth        | 2 |  2.2
Dodging        | 2 |  2.5
Fighting       | 1 |  1.8
Armour         | 1 |  1.0
Necromancy     | 5 |  5.0
Spellcasting   | |  2.7

Action                   |  1- 3 |  4- 6 || total
-------------------------+-------+-------++-------
Melee: Unarmed           |     8 |       ||     8
       Whip              |    14 |       ||    14
       Dagger            |    13 |       ||    13
 Cast: Necrotise         |    62 |       ||    62
Armor: Robe              |     6 |       ||     6
Dodge: Dodged            |    27 |       ||    27
Block: Other             |     1 |       ||     1

Table legend: (Time is in decaauts)
 A = Elapsed time spent in this place.
 B = Non-inter-level travel time spent in this place.
 C = Inter-level travel time spent in this place.
 D = Time resting spent in this place.
 E = Time spent auto-exploring this place.
 F = Levels seen in this place.
 G = Mean time per level.
                   A        B        C        D        E       F      G
               +--------+--------+--------+--------+--------+-----+--------+
         Total |   2219 |   2167 |     52 |     25 |   1896 |   4 |  554.8 |
       Dungeon |   2219 |   2167 |     52 |     25 |   1896 |   4 |  554.8 |
               +--------+--------+--------+--------+--------+-----+--------+

Top non-repeatable levels by time:
     D:2: 1108 daAuts
     D:1: 1014 daAuts
     D:5: 96 daAuts
